 Dungeon Crawl Stone Soup version 0.21.1-1-g345015fe64 (webtiles) character file.

156 RepoMan the Magician (level 5, -11/35 HPs)
             Began as a Mummy Wizard on Apr 25, 2018.
             Mangled by a worm (12 damage)
             ... on level 3 of the Dungeon.
             The game lasted 00:20:26 (4011 turns).

RepoMan the Magician (Mummy Wizard)                 Turns: 4011, Time: 00:20:26

Health: -11/35     AC:  3    Str: 10    XL:     5   Next: 14%
Magic:  2/12       EV: 12    Int: 18    God:
Gold:   92         SH:  0    Dex: 11    Spells: 2/13 levels left

rFire    x . .     SeeInvis .   l - +0 flail (crush)
rCold    + . .     Gourm    .   (no shield)
rNeg     + + +     Faith    .   a - +0 robe
rPois    ∞         Spirit   .   b - +0 hat
rElec    .         Reflect  .   i - +0 cloak
rCorr    .         Harm     .   (no gloves)
MR       .....                  (no boots)
Stlth    ++........             (no amulet)
HPRegen  0.11/turn              (no ring)
MPRegen  0.13/turn              (no ring)

@: very slightly contaminated
A: no food or potions, fire vulnerability, cold resistance 1, negative energy
resistance 3, torment resistance, unbreathing
a: no special abilities


You were on level 3 of the Dungeon.
You were not hungry.

You visited 1 branch of the dungeon, and saw 3 of its levels.

You collected 92 gold pieces.

Inventory:

Hand Weapons
 l - a +0 flail of crushing (weapon)
Armour
 a - a +0 robe (worn)
 b - a +0 hat (worn)
 i - a +0 cloak (worn)
Jewellery
 f - a +2 ring of evasion {unknown}
Scrolls
 d - a scroll of identify {unknown}
 e - 2 scrolls of amnesia {unknown}
 g - 2 scrolls of remove curse
 h - 3 scrolls of immolation {unknown}
 j - 2 scrolls of teleportation {unknown}
Books
 c - a book of Minor Magic

   Spells                             Type                      Level
   a - Magic Dart                     Conjuration                  1
   b - Blink                          Translocation                2
   c - Call Imp                       Summoning                    2
   d - Slow                           Hexes                        2
   e - Conjure Flame                  Conjuration/Fire             3
   f - Mephitic Cloud                 Conjuration/Poison/Air       3


   Skills:
 + Level 2.4 Dodging
 - Level 1.5 Stealth
 + Level 4.8 Spellcasting
 * Level 2.7 Conjurations
 - Level 0.7 Summonings
 - Level 1.5 Translocations
 + Level 0.4 Fire Magic


You had 2 spell levels left.
You knew the following spells:

 Your Spells              Type           Power        Failure   Level  Hunger
a - Magic Dart            Conj           ##..         4%          1    N/A
b - Blink                 Tloc           N/A          11%         2    N/A
c - Conjure Flame         Conj/Fire      ##......     22%         3    N/A
i - Call Imp              Summ           #.......     16%         2    N/A
m - Mephitic Cloud        Conj/Pois/Air  #.......     28%         3    N/A

Dungeon Overview and Level Annotations

Branches:
Dungeon (3/15)

Altars:
Nemelex Xobeh


Innate Abilities, Weirdness & Mutations

You do not eat or drink.
Your flesh is vulnerable to fire.
You are immune to poison.
Your flesh is cold resistant. (rC+)
You are immune to negative energy. (rN+++)
You are immune to unholy pain and torment.
You can survive without breathing.


Message History

Confirm with . or Enter, or press ? or * to list all spells.
Aiming: Mephitic Cloud
Press: ? - help, Shift-Dir - straight line, f/p - orc
Aim: an orc, wielding a club and wearing a scale mail (almost dead)
You miscast Mephitic Cloud.
You feel a strange surge of energy! The orc misses you.
You hit the orc.
You kill the orc!
The orc barely misses you.
Unknown command.
You closely miss the orc. The orc hits you with a hand axe!
* * * LOW HITPOINT WARNING * * *
Okay, then.
Okay, then.
The orc misses you.
Unknown command.
As you read the scroll labeled SEUTHUCL JYFY, it crumbles to dust.
You feel blessed for a moment.
It was a scroll of remove curse.
The orc closely misses you. The worm bites you!
You die...

.._. ........#
.... #.......#
...# #.$.....#
...###.......#
#...........#
#...........###
#o###.........#
#@w)))...(!...#
#########.....#
#........
#........
#........
####...w. .....
.....


You could see a worm and an orc.

Vanquished Creatures
  An orc wizard (D:3)
  2 adders (D:3)
  An ooze (D:1)
  10 dart slugs
  4 leopard geckos
  3 orcs (D:3)
  A ball python (D:2)
  3 giant cockroaches
  5 goblins
  12 hobgoblins
  4 jackals (D:2)
  3 quokkas (D:3)
  4 bats (D:2)
  9 frilled lizards
  4 kobolds
  5 rats
71 creatures vanquished.

Vanquished Creatures (collateral kills)
  An adder (D:2)
  3 worms (D:2)
4 creatures vanquished.

Vanquished Creatures (others)
  5 plants (D:2)
5 creatures vanquished.

Grand Total: 80 creatures vanquished

Notes
Turn   | Place    | Note
-------+----------+-------------------------------------------
     0 | D:1      | RepoMan the Mummy Wizard began the quest for the Orb.
     0 | D:1      | Reached XP level 1. HP: 13/13 MP: 5/5
   101 | D:1      | Reached skill level 1 in Conjurations
   350 | D:1      | Reached XP level 2. HP: 19/19 MP: 4/7
   354 | D:1      | Learned a level 2 spell: Blink
  1516 | D:1      | Learned a level 2 spell: Call Imp
  1530 | D:1      | Reached skill level 1 in Translocations
  1906 | D:2      | Reached XP level 3. HP: 24/24 MP: 3/8
  1912 | D:2      | Learned a level 3 spell: Conjure Flame
  2949 | D:2      | Reached XP level 4. HP: 30/30 MP: 0/10
  2955 | D:2      | Learned a level 3 spell: Mephitic Cloud
  3985 | D:3      | Reached XP level 5. HP: 18/35 MP: 1/12
  4005 | D:3      | Found a sparkling altar of Nemelex Xobeh.
  4009 | D:3      | HP: 1/35 [orc/hand axe (7)]
  4011 | D:3      | Mangled by a worm

Skill      XL: |  1  2  3 |
---------------+----------+-----
Conjurations   | 1 2 |  2.7
Translocations | 1 |  1.5
Dodging        | 2 |  2.4
Stealth        | |  1.5
Spellcasting   | |  4.8
Summonings     | |  0.7
Fire Magic     | |  0.4

Action                   |  1- 3 |  4- 6 || total
-------------------------+-------+-------++-------
Melee: Unarmed           |     9 |       ||     9
       Flail             |       |    27 ||    27
Throw: Throwing net      |     1 |       ||     1
 Cast: Magic Dart        |   143 |    71 ||   214
       Call Imp          |     7 |       ||     7
       Mephitic Cloud    |       |     1 ||     1
  Use: Scroll            |       |     1 ||     1
 Stab: Sleeping          |     1 |       ||     1
Armor: Robe              |     7 |     8 ||    15
Dodge: Dodged            |    37 |    24 ||    61
